 Dungeon Sprint DCSS version 0.27-a0-1565-gad902ab807 (webtiles) character file.

Game seed: 17955604228722231157

1000000 tygod the Skirmisher (level 1, -63/19 HPs)
             Began as a Draconian Berserker on July 16, 2021.
             Was an Initiate of Makhleb.
             Annihilated by a meat berserker (82 damage)
             ... in the Dungeon (Sprint VIII: "Arena of Blood").
             The game lasted 00:00:14 (10 turns).

tygod the Skirmisher (Draconian Berserker)            Turns: 10, Time: 00:00:17

Health: -63/19     AC:  4    Str: 19    XL:     1   Next: 0%
Magic:  1/1        EV: 12    Int:  7    God:    Makhleb [......]
Gold:   0          SH:  0    Dex: 10    Spells: 0/0 levels left

rFire    . . .     SeeInvis .   h - +∞ Axe of Woe
rCold    . . .     Faith    .   (shield currently unavailable)
rNeg     . . .     Spirit   .   (armour unavailable)
rPois    .         Reflect  .   (helmet restricted)
rElec    .         Harm     .   (no cloak)
rCorr    .         Rampage  .   (no gloves)
Will     .....     NoTele   +   (no boots)
Stlth    +.........             (no amulet)
HPRegen  0.06/turn              (no ring)
MPRegen  0.07/turn              (no ring)

@: no status effects
A: AC +4, unfitting armour, cold-blooded
a: Renounce Religion


You were in the Dungeon.
You worshipped Makhleb.
Makhleb was noncommittal.
You visited 1 branch

Inventory:

Hand Weapons
 a - a +0 hand axe
 h - the +∞ Axe of Woe (weapon)
   (You found it in the Dungeon)
Scrolls
 g - a scroll of blinking
Potions
 b - a potion of curing
 c - a potion of heal wounds
 d - a potion of haste
 e - 2 potions of magic
 f - a potion of berserk rage


   Skills:
 + Level 3.2 Fighting
 + Level 3.0 Axes
 + Level 2.6 Dodging


You couldn't memorise any spells.
You didn't know any spells.
Your spell library was empty.

Dungeon Overview and Level Annotations

Branches:
Dungeon (1/1)

Altars:
Makhleb


Innate Abilities, Weirdness & Mutations

Your plain brown scales are hard. (AC +4)
You cannot fit into any form of body armour.
You are cold-blooded and may be slowed by cold attacks.


Message History

h - the +∞ Axe of Woe (weapon)
You hear a shout! x9
A bag of meat comes into view. It is wielding a +9 war axe.
You hear a shout! x11
There is a burning altar of Makhleb here.
You kneel at the altar of Makhleb.
You have lost your religion!
Trog does not appreciate desertion!
Makhleb welcomes you!
You hear a shout! x6
You hear a shout! x5
A bag of meat comes into view. It is wielding a +9 war axe.
You hear a shout! x4
You hear a shout! x7
There is a burning altar of Makhleb here.
The meat berserker appears out of thin air!
A meat berserker comes into view. It is wielding a +9 battleaxe.
The meat berserker shouts!
You hear a shout! x10 2 orcs and an ogre come into view.
The bag of meat shouts! x2; The meat berserker shouts!
A bag of meat comes into view. It is wielding a +9 war axe.
You hear a shout! x4; The bag of meat shouts!
You hear a shout! x6
You hear a shout! x2
The meat berserker rages.
You hear a shout! x6
You slice the bag of meat!!
You fatally mangle the bag of meat.
You kill the bag of meat!
Makhleb accepts your kill.
The meat berserker appears out of thin air!
A meat berserker comes into view. It is wielding a +9 battleaxe.
The meat berserker shouts!
You hear a shout! x7
A bag of meat comes into view. It is wielding a +9 war axe.
You hear a shout! x2
The meat berserker rages.
You hear a shout! x4
A bag of meat comes into view. It is wielding a +9 war axe.
The meat berserker hits you with a +9 battleaxe!!!!
Ouch! That really hurt!
You die...

.#... #... ..#
......###... ..###.
.........o.###......
...#........_.......
.#.......#.....#....
....O....#_.<._# .
#.......#.....#.
...#..)Oo..._.....
......o@O..###......
......###.......###.
..... #.......# ....
#.......# ...
....o.... #.
......... o
.........


You could see 3 meat berserkers and 5 bags of meat.

Vanquished Creatures
  An orc (D)
1 creature vanquished.

Notes
Turn   | Place    | Note
-------+----------+-------------------------------------------
     0 | D        | Found the +∞ Axe of Woe
     0 | D        | tygod the Draconian Berserker began the quest for the Orb.
     0 | D        | Reached XP level 1. HP: 19/19 MP: 1/1
     1 | D        | Noticed a bag of meat
     3 | D        | Fell from the grace of Trog
     3 | D        | Became a worshipper of Makhleb the Destroyer
     4 | D        | Noticed a bag of meat
     6 | D        | Noticed a meat berserker
     7 | D        | Noticed a bag of meat
     7 | D        | Noticed a bag of meat
     7 | D        | Noticed a meat berserker
     7 | D        | Noticed a bag of meat
    10 | D        | Killed a bag of meat
    10 | D        | Noticed a meat berserker
    10 | D        | Noticed a bag of meat
    10 | D        | Noticed a bag of meat
    10 | D        | Annihilated by a meat berserker

Illustrated notes

Levels and vault maps discovered:
D:        meatsprint

Action                   || total
-------------------------++-------
Melee: Executioner's axe ||     1

Table legend: (Time is in decaauts)
 A = Elapsed time spent in this place.
 B = Non-inter-level travel time spent in this place.
 C = Inter-level travel time spent in this place.
 D = Time resting spent in this place.
 E = Time spent auto-exploring this place.
 F = Levels seen in this place.
 G = Mean time per level.
                   A        B        C        D        E       F      G
               +--------+--------+--------+--------+--------+-----+--------+
         Total |      9 |      9 |      0 |      0 |      0 |   1 |    9.0 |
       Dungeon |      9 |      9 |      0 |      0 |      0 |   1 |    9.0 |
               +--------+--------+--------+--------+--------+-----+--------+

Top non-repeatable levels by time:
       D: 9 daAuts
